Map: Ever Dream LE

Players

GameOfDrones

  • Race: Zerg Zerg
  • League: Master
  • Spawn Location: 7:00

llllllllllll - Winner!

  • Race: Terran Terran
  • League: Master
  • Spawn Location: 1:00

VOD

Have the link to the VOD?

Description

Time

  • Played on: May 26, 2020, 7:13 a.m.
  • Length: 13:27
Show
View Real Time Build Order
Export as new Build Order

GameOfDrones Zerg 

Build Orders: Hatch First 

Get SALT Encoding   

  12  0:01  Drone  
  13  0:12  Overlord  
  13  0:17  Drone  
  14  0:31  Drone x2  
  16  0:47  Hatchery  
  15  0:51  Drone  
  15  0:54  Drone  
  17  0:57  Drone  
  18  1:08  Extractor  
  17  1:12  Spawning Pool  
  17  1:16  Drone  
  17  1:19  Drone  
  18  1:28  Drone  
  19  1:39  Drone  
  20  1:51  Overlord  
  20  2:01  Queen  
  20  2:02  Zergling x2, Queen  
  20  2:03  Zergling x2  
  26  2:11  Drone x2  
  28  2:24  Drone x2, Metabolic Boost  
  30  2:33  Overlord  
  30  2:35  Drone  
  31  2:41  Queen  
  33  2:46  Drone x2  
  36  2:58  Drone x2  
  36  3:05  Drone x2  
  39  3:09  Hatchery  
  38  3:14  Drone x2, Overlord  
  38  3:16  Drone  
  38  3:19  Queen  
  43  3:25  Drone  
  44  3:44  Overlord  
  44  3:45  Drone x6  
  50  3:51  Overlord  
  50  3:52  Zergling x4  
  52  4:02  Queen, Overlord x2  
  54  4:04  Baneling Nest  
  53  4:15  Drone x3  
  53  4:16  Drone x3  
  59  4:20  Lair, Extractor  
  59  4:22  Queen  
  59  4:23  Drone x2  
  59  4:24  Drone  
  63  4:35  Drone x5  
  68  4:44  Evolution Chamber, Zergling x6  
  68  4:45  Evolution Chamber  
  69  4:46  Drone  
  69  4:48  Zergling x2, Extractor  
  69  4:49  Zergling x2  
  71  4:55  Overlord  
  71  4:56  Overlord  
  61  5:07  Zergling x12  
  61  5:08  Zergling x2  
  60  5:19  Drone x6  
  63  5:25  Drone  
  63  5:27  Queen, Zerg Melee Weapons Level 1, Zerg Ground Armor Level 1  
  66  5:37  Drone, Overlord  
  66  5:40  Drone x3  
  70  5:51  Drone  
  70  5:52  Drone x2  
  73  5:58  Overseer  
  73  6:00  Zergling x2  
  73  6:01  Zergling x14  
  81  6:04  Hatchery  
  81  6:07  Queen  
  81  6:10  Queen  
  72  6:22  Drone x7  
  75  6:29  Spore Crawler  
  70  6:36  Drone x7  
  70  6:39  Centrifical Hooks  
  71  6:55  Zergling x6  
  71  6:56  Zergling x14  
  71  7:00  Drone x2  
  71  7:01  Drone  
  84  7:03  Drone, Queen  
  85  7:12  Drone  
  85  7:14  Roach Warren  
  85  7:25  Drone x7  
  85  7:27  Extractor x2  
  85  7:28  Drone x4  
  94  7:34  Overlord x3  
  94  7:36  Queen  
  95  7:39  Queen  
  95  7:47  Spore Crawler  
  89  7:55  Spore Crawler  
  89  7:58  Drone x13  
  90  8:00  Unknown  
  90  8:02  Glial Reconstitution  
  98  8:10  Drone x3  
  98  8:11  Drone x3  
  104  8:16  Drone x3  
  103  8:22  Zerg Melee Weapons Level 2, Zerg Missile Weapons Level 1  
  98  8:41  Roach x11  
  111  9:03  Ravager  
  111  9:04  Ravager  
  111  9:06  Spore Crawler  
  102  9:21  Roach x3  
  102  9:22  Roach x3, Spire  
  111  9:28  Drone x5, Hatchery  
  109  9:34  Queen x3  
  109  9:38  Overlord x2  
  114  9:41  Baneling  
  114  9:42  Baneling x3  
  114  9:43  Baneling  
  114  9:59  Drone x8  
  121  10:09  Drone  
  121  10:13  Drone  
  123  10:18  Extractor  
  123  10:19  Drone x2  
  123  10:20  Drone x6  
  130  10:26  Overlord x2  
  130  10:29  Overseer  
  130  10:37  Overlord x2  
  130  10:38  Overlord  
  130  10:41  Zerg Missile Weapons Level 2  
  130  10:55  Drone x3  
  130  10:56  Drone x5  
  130  10:57  Drone x2, Queen  
  131  10:58  Overseer  
  131  11:01  Corruptor x2  
  137  11:05  Corruptor  
  139  11:18  Spore Crawler  
  137  11:30  Drone x6  
  137  11:31  Corruptor  
  137  11:32  Corruptor x3  
  148  11:35  Spore Crawler  
  147  11:45  Drone  
  148  11:50  Infestation Pit  
  147  11:55  Corruptor  
  147  11:56  Corruptor x3  
  147  11:58  Corruptor  
  158  12:01  Ravager  
  158  12:02  Ravager x9  
  167  12:15  Hatchery, Overlord x2  
  167  12:16  Overlord  
  166  12:26  Drone x4  
  165  12:49  Roach x10  
  185  12:53  Baneling x12  
Show
View Real Time Build Order
Export as new Build Order

llllllllllll Terran - Winner!

Build Orders: Mech 

Get SALT Encoding   

  12  0:02  SCV  
  14  0:14  SCV  
  14  0:18  Supply Depot  
  14  0:26  SCV  
  15  0:39  SCV  
  15  0:40  Barracks  
  16  0:44  Refinery  
  16  0:51  SCV  
  17  1:03  SCV  
  18  1:15  SCV  
  19  1:27  Barracks Reactor  
  19  1:28  Orbital Command  
  19  1:40  Command Center  
  19  1:48  Supply Depot  
  19  1:55  SCV  
  20  2:03  Marine x2  
  20  2:07  SCV  
  23  2:13  Factory  
  23  2:19  SCV  
  23  2:21  Marine x2  
  26  2:26  Refinery  
  26  2:31  SCV  
  27  2:39  Marine x2  
  27  2:43  SCV  
  30  2:52  Orbital Command  
  30  2:55  SCV  
  31  2:59  Starport  
  31  3:01  Factory Reactor  
  31  3:02  Marine  
  31  3:03  Marine  
  32  3:07  SCV  
  33  3:16  Supply Depot  
  33  3:19  SCV  
  34  3:21  SCV  
  34  3:24  Marine x2  
  37  3:31  SCV  
  37  3:33  SCV  
  39  3:40  Supply Depot  
  39  3:42  Marine x2  
  39  3:43  SCV  
  39  3:45  Medivac, SCV  
  39  3:47  Medivac  
  47  3:50  Widow Mine  
  49  3:56  SCV  
  49  3:57  SCV  
  49  4:00  Marine x2  
  53  4:05  Fusion Core  
  53  4:08  SCV  
  53  4:09  SCV  
  55  4:23  Command Center  
  55  4:33  Hellion x2, SCV  
  55  4:35  SCV  
  61  4:39  Starport Tech Lab  
  61  4:40  Supply Depot  
  61  4:46  Supply Depot  
  61  4:47  SCV  
  62  5:01  Hellion, SCV  
  61  5:08  Battlecruiser  
  61  5:18  Hellion  
  61  5:20  SCV x2  
  60  5:23  Hellion  
  57  5:28  Refinery  
  57  5:31  Refinery  
  57  5:32  SCV  
  57  5:33  SCV  
  59  5:40  Hellion  
  59  5:42  Supply Depot  
  61  5:44  Hellion, SCV  
  61  5:45  SCV  
  65  5:54  Factory  
  65  5:57  SCV x2, Factory  
  67  6:01  Orbital Command  
  67  6:04  Hellion  
  67  6:06  Hellion  
  67  6:09  SCV x2  
  73  6:21  SCV, Battlecruiser  
  73  6:24  SCV  
  71  6:26  Hellion  
  71  6:29  Refinery  
  73  6:33  SCV, Refinery  
  73  6:35  Hellion  
  73  6:37  SCV  
  77  6:44  Factory Tech Lab x2  
  77  6:45  SCV  
  78  6:47  Hellion  
  78  6:52  Armory  
  80  6:54  Armory  
  80  6:57  SCV x2  
  80  7:01  SCV  
  77  7:13  SCV, Siege Tank x2  
  77  7:14  Hellion x2  
  88  7:19  SCV x2  
  90  7:25  SCV  
  90  7:27  Command Center  
  90  7:28  Supply Depot  
  91  7:30  Engineering Bay  
  91  7:37  SCV  
  91  7:41  Battlecruiser  
  98  7:46  SCV x2  
  100  7:54  Thor  
  106  8:07  Thor  
  106  8:08  Hellion  
  114  8:16  Supply Depot  
  114  8:30  Hellion  
  116  8:38  Hellion, Factory  
  116  8:40  Factory  
  118  8:45  Battlecruiser  
  118  8:52  Hellion  
  120  9:07  Siege Tank x2  
  120  9:08  Widow Mine  
  128  9:13  Hellion  
  130  9:18  Command Center  
  130  9:29  Hellion  
  132  9:32  Factory Tech Lab  
  132  9:33  Factory Reactor  
  132  9:34  Hellion  
  132  9:38  Supply Depot  
  134  9:39  Thor  
  140  9:59  Thor  
  148  10:00  Hellion  
  148  10:18  Hellion, Battlecruiser  
  148  10:19  Hellion, Thor  
  148  10:20  Planetary Fortress  
  164  10:29  Hellion, Thor  
  164  10:33  Orbital Command  
  172  10:37  Terran Vehicle Weapons Level 1, Terran Vehicle And Ship Armor Level 1  
  172  10:41  Infernal Pre-Igniter, Mag-Field Accelerator  
  172  10:42  Hellion x5, Smart Servos  
  172  10:46  Siege Tank  
  165  10:57  Hellion  
  165  10:59  SCV  
  165  11:01  SCV, Thor  
  175  11:11  SCV, Thor  
  182  11:22  Thor  
  182  11:23  Hellion  
  180  11:39  Hellion x2  
  184  11:44  Thor  
  184  11:45  Unknown  
  190  11:49  Hellion  
  192  11:58  Thor  
  192  11:59  Hellion  
  200  12:15  Factory x2  
  200  12:17  Factory  
Tags
 
Composition
Mech
Matchup
TvZ
Spawn Locations
Cross Positions
Add a new tag
Caveats
  • Supply blocks, unpowered buildings, or Contaminate may cause inaccurate times.
  • Supply counts are checked every 10 seconds.